EL
SPRINGFIELD CARDINALS @ MOBILE BAYBEARS
09/07/2046
 
TOP OF THE 1ST
Springfield Cardinals batting - Pitching for Mobile BayBears : RHP Eric Richards
Pitching: RHP Eric Richards
Batting: RHB Jason Gee 0-0: Ball
1-0: Called Strike
1-1: Fly out, F8 (Flyball, 8LD, EV 102.5 MPH)
Batting: SHB Bobby O'Leary 0-0: Foul Ball, location: 2F
0-1: Swinging Strike
0-2: Strikes out looking
Batting: LHB David Moore 0-0: Called Strike
0-1: SINGLE (Groundball, 34D, EV 98.8 MPH)
Batting: RHB Victor Moya 0-0: Ball
1-0: Fly out, F7 (Line Drive, 7, EV 98.1 MPH)
Top of the 1st over - 0 runs, 1 hit, 0 errors, 1 left on base; Springfield 0 - Mobile 0
BOTTOM OF THE 1ST
Mobile BayBears batting - Pitching for Springfield Cardinals : RHP Ben Cook
Pitching: RHP Ben Cook
Batting: LHB Kevin Ferguson 0-0: Ball
1-0: Ball
2-0: Called Strike
2-1: Foul Ball, location: 2F
2-2: Strikes out swinging
Batting: LHB T.J. Duvall 0-0: Ball
1-0: Ball
2-0: Foul Ball, location: 2F
2-1: Ball
3-1: Base on Balls
Batting: RHB Chris Bittner 0-0: Ball
T.J. Duvall is caught stealing 2nd base 2-4
1-0: Swinging Strike
1-1: Foul Ball, location: 2F
1-2: Strikes out swinging, 2-3 out at first.
Bottom of the 1st over - 0 runs, 0 hits, 0 errors, 0 left on base; Springfield 0 - Mobile 0
TOP OF THE 2ND
Springfield Cardinals batting - Pitching for Mobile BayBears : RHP Eric Richards
Batting: RHB Dan Boykins 0-0: Ball
1-0: Called Strike
1-1: Foul Ball, location: 2F
1-2: Strikes out swinging
Batting: LHB Billy Guzman 0-0: Ball
1-0: Foul Ball, location: 2F
1-1: Ball
2-1: Foul Ball, location: 2F
2-2: Foul Ball, location: 2F
2-2: DOUBLE (Line Drive, 7LM, EV 105.0 MPH)
Batting: RHB Justin Reich 0-0: Foul Ball, location: 2F
0-1: Foul Ball, location: 2F
0-2: Ball
1-2: Ground out 5-3 (Groundball, 56, EV 83.1 MPH)
Batting: RHB Austin Akers 0-0: Called Strike
0-1: Ball
1-1: SINGLE (Groundball, 4MD, EV 95.6 MPH)
Billy Guzman to third
Runner from 3rd tries for Home, SAFE, throw by CF to home
Austin Akers to second
Batting: LHB Yeong-hun Joe 0-0: Ground out 5-3 (Groundball, 56, EV 91.9 MPH)
Top of the 2nd over - 1 run, 2 hits, 0 errors, 1 left on base; Springfield 1 - Mobile 0
BOTTOM OF THE 2ND
Mobile BayBears batting - Pitching for Springfield Cardinals : RHP Ben Cook
Batting: RHB Marlon Reda 0-0: SINGLE (Groundball, 56D, EV 94.4 MPH)
Batting: RHB Franklin Villanueva 0-0: Grounds into double play, 5-4-3 (Groundball, 56, EV 105.6 MPH)
Batting: RHB Andy Schuett 0-0: Foul Ball, location: 2F
0-1: Ball
1-1: Foul Ball, location: 2F
1-2: Fly out, F8 (Flyball, 8LD, EV 101.2 MPH)
Bottom of the 2nd over - 0 runs, 1 hit, 0 errors, 0 left on base; Springfield 1 - Mobile 0
TOP OF THE 3RD
Springfield Cardinals batting - Pitching for Mobile BayBears : RHP Eric Richards
Batting: RHB Jason Gee 0-0: Ground out 6-3 (Groundball, 6, EV 101.2 MPH)
Batting: SHB Bobby O'Leary 0-0: Ball
1-0: Called Strike
1-1: Swinging Strike
1-2: Strikes out looking
Batting: LHB David Moore 0-0: Foul Ball, location: 2F
0-1: Swinging Strike
0-2: Ball
1-2: SINGLE (Line Drive, 8RS, EV 105.6 MPH)
Batting: RHB Victor Moya 0-0: Called Strike
0-1: Foul Ball, location: 2F
0-2: Foul Ball, location: 2F
0-2: Ball
1-2: Foul Ball, location: 2F
1-2: Foul Ball, location: 2F
1-2: Ball
Wild Pitch!
David Moore to second
2-2: Ground out U3 (Groundball, 3, EV 103.1 MPH)
Top of the 3rd over - 0 runs, 1 hit, 0 errors, 1 left on base; Springfield 1 - Mobile 0
BOTTOM OF THE 3RD
Mobile BayBears batting - Pitching for Springfield Cardinals : RHP Ben Cook
Batting: RHB Scott Carr 0-0: Called Strike
0-1: Swinging Strike
0-2: Ground out 6-3 (Groundball, 6, EV 104.4 MPH)
Batting: RHB Yasuo Nakata 0-0: Ball
1-0: Ground out 1-3 (Groundball, 13S, EV 65.6 MPH)
Batting: RHB Curt Barrett 0-0: Ground out 6-3 (Groundball, 6, EV 102.5 MPH)
Bottom of the 3rd over - 0 runs, 0 hits, 0 errors, 0 left on base; Springfield 1 - Mobile 0
TOP OF THE 4TH
Springfield Cardinals batting - Pitching for Mobile BayBears : RHP Eric Richards
Batting: RHB Dan Boykins 0-0: Ball
1-0: Ball
2-0: Fly out, F9 (Flyball, 9, EV 88.8 MPH)
Batting: LHB Billy Guzman 0-0: Swinging Strike
0-1: Ball
1-1: Ball
2-1: Ball
3-1: Fly out, F7 (Line Drive, 7, EV 98.1 MPH)
Batting: RHB Justin Reich 0-0: Ball
1-0: Ball
2-0: Ball
3-0: Called Strike
3-1: Base on Balls
Batting: RHB Austin Akers 0-0: Called Strike
0-1: Called Strike
0-2: Ball
1-2: SINGLE (Groundball, 6MD, EV 97.5 MPH)
Justin Reich to second
Batting: LHB Yeong-hun Joe 0-0: Called Strike
0-1: Ball
1-1: Ground out 4-3 (Groundball, 34D, EV 85.6 MPH)
Top of the 4th over - 0 runs, 1 hit, 0 errors, 2 left on base; Springfield 1 - Mobile 0
BOTTOM OF THE 4TH
Mobile BayBears batting - Pitching for Springfield Cardinals : RHP Ben Cook
Batting: LHB Kevin Ferguson 0-0: Ball
1-0: Ground out 5-3 (Groundball, 5, EV 85.0 MPH)
Pitching: RHP Cory Viola
Batting: LHB T.J. Duvall 0-0: Foul Ball, location: 2F
0-1: Called Strike
0-2: Strikes out swinging
Batting: RHB Chris Bittner 0-0: Ball
1-0: Ball
2-0: Fly out, F8 (Line Drive, 8RM, EV 98.1 MPH)
Bottom of the 4th over - 0 runs, 0 hits, 0 errors, 0 left on base; Springfield 1 - Mobile 0
TOP OF THE 5TH
Springfield Cardinals batting - Pitching for Mobile BayBears : RHP Eric Richards
Batting: RHB Jason Gee 0-0: Ball
1-0: Ball
2-0: Ball
3-0: Base on Balls
Batting: SHB Bobby O'Leary 0-0: Ball
1-0: Ball
2-0: Called Strike
Jason Gee steals 2nd base
2-1: Reached on error, E6 (Groundball, 6S, EV 86.2 MPH)
Jason Gee to third
Batting: LHB David Moore 0-0: Ball
Bobby O'Leary is caught stealing 2nd base 2-6
1-0: Intentional Walk
Batting: RHB Victor Moya 0-0: Ball
1-0: SINGLE (Line Drive, 6D, EV 99.4 MPH)
Jason Gee scores
David Moore to second
Batting: RHB Dan Boykins 0-0: Hit by Pitch
David Moore to third
Victor Moya to second
Batting: LHB Billy Guzman 0-0: Called Strike
0-1: Ball
1-1: Ball
2-1: Foul Ball, location: 2F
2-2: Ball
3-2: Strikes out swinging
Batting: RHB Justin Reich 0-0: Ball
1-0: Foul Ball, location: 2F
1-1: Swinging Strike
1-2: Foul Ball, location: 2F
1-2: Foul Ball, location: 2F
1-2: Ball
2-2: Foul Ball, location: 2F
2-2: Fly out, F9 (Flyball, 9LM, EV 108.1 MPH)
Top of the 5th over - 1 run, 1 hit, 1 error, 3 left on base; Springfield 2 - Mobile 0
BOTTOM OF THE 5TH
Mobile BayBears batting - Pitching for Springfield Cardinals : RHP Cory Viola
Batting: RHB Marlon Reda 0-0: Called Strike
0-1: SINGLE (Groundball, 56D, EV 101.2 MPH)
Batting: RHB Franklin Villanueva 0-0: Ball
1-0: Ball
2-0: Called Strike
2-1: Swinging Strike
2-2: Foul Ball, location: 2F
2-2: Ball
3-2: Foul Ball, location: 2F
3-2: Base on Balls
Marlon Reda to second
Batting: RHB Andy Schuett 0-0: Foul Ball, location: 2F
0-1: Foul Ball, location: 2F
0-2: Ball
Wild Pitch!
Marlon Reda to third
Franklin Villanueva to second
1-2: Strikes out swinging
Pinch Hitting: LHB Willie Gutierrez 0-0: Foul Ball, location: 2F
0-1: Swinging Strike
0-2: Ground out 1-3 (Groundball, 13S, EV 66.9 MPH)
Batting: RHB Yasuo Nakata 0-0: Ball
1-0: Ball
2-0: Called Strike
2-1: Ball
3-1: Base on Balls
Batting: RHB Curt Barrett 0-0: Called Strike
0-1: Foul Ball, location: 2F
0-2: Ball
1-2: Ball
2-2: Strikes out swinging
Bottom of the 5th over - 0 runs, 1 hit, 0 errors, 3 left on base; Springfield 2 - Mobile 0
TOP OF THE 6TH
Springfield Cardinals batting - Pitching for Mobile BayBears : RHP Eric Richards
Now in CF: Willie Gutierrez
Batting: RHB Austin Akers 0-0: Ball
1-0: SINGLE (Groundball, 56, EV 99.4 MPH)
Batting: LHB Yeong-hun Joe 0-0: Called Strike
Austin Akers is caught stealing 2nd base 2-6
0-1: Called Strike
0-2: Fly out, F9 (Line Drive, 9D, EV 91.9 MPH)
Batting: RHB Jason Gee 0-0: Ball
1-0: Foul Ball, location: 2F
1-1: Fly out, F9 (Flyball, 9, EV 86.9 MPH)
Top of the 6th over - 0 runs, 1 hit, 0 errors, 0 left on base; Springfield 2 - Mobile 0
BOTTOM OF THE 6TH
Mobile BayBears batting - Pitching for Springfield Cardinals : RHP Cory Viola
Batting: LHB Kevin Ferguson 0-0: Ball
1-0: Foul Ball, location: 2F
1-1: Ball
2-1: Swinging Strike
2-2: Ball
3-2: Foul Ball, location: 2F
3-2: Foul Ball, location: 2F
3-2: Foul Ball, location: 2F
3-2: SINGLE (Groundball, 34D, EV 95.6 MPH)
Pitching: RHP Andy Temples
Batting: LHB T.J. Duvall 0-0: Ball
1-0: Ball
2-0: Foul Ball, location: 2F
2-1: Swinging Strike
2-2: Ball
3-2: Foul Ball, location: 2F
3-2: Strikes out looking
Batting: RHB Chris Bittner 0-0: Grounds into double play, 5-4-3 (Groundball, 5, EV 86.2 MPH)
Bottom of the 6th over - 0 runs, 1 hit, 0 errors, 0 left on base; Springfield 2 - Mobile 0
TOP OF THE 7TH
Springfield Cardinals batting - Pitching for Mobile BayBears : RHP Eric Richards
Pitching: RHP Nate Bixler
Batting: SHB Bobby O'Leary 0-0: Ball
1-0: Foul Ball, location: 2F
1-1: Foul Ball, location: 2F
1-2: Ball
2-2: Foul Ball, location: 2F
2-2: Ball
3-2: Strikes out swinging
Batting: LHB David Moore 0-0: Ground out 5-3 (Groundball, 56, EV 83.1 MPH)
Batting: RHB Victor Moya 0-0: Called Strike
0-1: Foul Ball, location: 2F
0-2: Foul Ball, location: 2F
0-2: Fly out, F5 (Line Drive, 56, EV 74.4 MPH)
Top of the 7th over - 0 runs, 0 hits, 0 errors, 0 left on base; Springfield 2 - Mobile 0
BOTTOM OF THE 7TH
Mobile BayBears batting - Pitching for Springfield Cardinals : RHP Andy Temples
Batting: RHB Marlon Reda 0-0: Swinging Strike
0-1: Ball
1-1: Foul Ball, location: 2F
1-2: Foul Ball, location: 2F
1-2: Ground out 4-3 (Groundball, 4, EV 103.1 MPH)
Batting: RHB Franklin Villanueva 0-0: SINGLE (Line Drive, 7LM, EV 105.0 MPH)
Batting: RHB Andy Schuett 0-0: Foul Ball, location: 2F
0-1: Called Strike
0-2: Fly out, F9 (Flyball, 9, EV 88.8 MPH)
Batting: LHB Willie Gutierrez 0-0: Called Strike
0-1: Foul Ball, location: 2F
0-2: Strikes out swinging
Bottom of the 7th over - 0 runs, 1 hit, 0 errors, 1 left on base; Springfield 2 - Mobile 0
TOP OF THE 8TH
Springfield Cardinals batting - Pitching for Mobile BayBears : RHP Nate Bixler
Pitching: RHP Manuel Maldonado
Batting: RHB Dan Boykins 0-0: Ball
1-0: Foul Ball, location: 2F
1-1: Called Strike
1-2: Ground out 6-3 (Groundball, 6, EV 88.8 MPH)
Batting: LHB Billy Guzman 0-0: Ball
1-0: SINGLE (Line Drive, 7S, EV 95.0 MPH)
Batting: RHB Justin Reich 0-0: Called Strike
0-1: Ball
1-1: Ball
Billy Guzman is caught stealing 2nd base 2-4
2-1: Foul Ball, location: 2F
2-2: Fly out, F4 (Popup, 34, EV 60.0 MPH)
Top of the 8th over - 0 runs, 1 hit, 0 errors, 0 left on base; Springfield 2 - Mobile 0
BOTTOM OF THE 8TH
Mobile BayBears batting - Pitching for Springfield Cardinals : RHP Andy Temples
Now at SS: Yeong-hun Joe
Now in CF: Adam Eisen
Batting: RHB Yasuo Nakata 0-0: Ball
1-0: Ball
2-0: SINGLE (Groundball, 56, EV 108.8 MPH)
Batting: RHB Curt Barrett 0-0: Called Strike
0-1: Called Strike
0-2: Foul Ball, location: 2F
0-2: Foul Ball, location: 2F
0-2: Foul Ball, location: 2F
0-2: Ball
1-2: Strikes out swinging
Batting: LHB Kevin Ferguson 0-0: Ball
1-0: Ball
2-0: Ball
3-0: Called Strike
3-1: Grounds out, U3 (Groundball, 3L, EV 101.9 MPH)
Pitching: LHP Sid DeSensi
Batting: LHB T.J. Duvall 0-0: Called Strike
0-1: Foul Ball, location: 2F
0-2: Foul Ball, location: 2F
0-2: Foul Ball, location: 2F
0-2: Foul Ball, location: 2F
0-2: SINGLE (Groundball, 25, EV 62.5 MPH) (infield hit)
Yasuo Nakata to third
Pitching: LHP Carlos Salcido
Batting: RHB Chris Bittner 0-0: Called Strike
0-1: Foul Ball, location: 2F
0-2: Ball
1-2: Foul Ball, location: 2F
1-2: Foul Ball, location: 2F
1-2: Ball
2-2: Strikes out swinging
Bottom of the 8th over - 0 runs, 2 hits, 0 errors, 2 left on base; Springfield 2 - Mobile 0
TOP OF THE 9TH
Springfield Cardinals batting - Pitching for Mobile BayBears : RHP Manuel Maldonado
Pitching: LHP Yorihiko Honda
Batting: RHB Austin Akers 0-0: Fly out, F8 (Flyball, 89M, EV 92.5 MPH)
Batting: LHB Yeong-hun Joe 0-0: Called Strike
0-1: Foul Ball, location: 2F
0-2: Ball
1-2: Foul Ball, location: 2F
1-2: Strikes out looking
Batting: LHB Adam Eisen 0-0: Called Strike
0-1: Called Strike
0-2: Foul Ball, location: 2F
0-2: Ball
1-2: Ball
2-2: Ball
3-2: SINGLE (Line Drive, 8LS, EV 105.0 MPH)
Batting: SHB Bobby O'Leary 0-0: Ball
1-0: Ball
2-0: Foul Ball, location: 2F
2-1: Fly out, F8 (Flyball, 8RD, EV 95.0 MPH)
Top of the 9th over - 0 runs, 1 hit, 0 errors, 1 left on base; Springfield 2 - Mobile 0
BOTTOM OF THE 9TH
Mobile BayBears batting - Pitching for Springfield Cardinals : LHP Carlos Salcido
Pitching: LHP Bob Hale
Batting: RHB Marlon Reda 0-0: Called Strike
0-1: Foul Ball, location: 2F
0-2: Strikes out looking
Batting: RHB Franklin Villanueva 0-0: Ball
1-0: Foul Ball, location: 2F
1-1: Swinging Strike
1-2: Strikes out looking
Batting: RHB Andy Schuett 0-0: Ball
1-0: Ball
2-0: Called Strike
2-1: Ball
3-1: Base on Balls
Batting: LHB Willie Gutierrez 0-0: Called Strike
0-1: Ground out 4-3 (Groundball, 4, EV 103.1 MPH)
Bottom of the 9th over - 0 runs, 0 hits, 0 errors, 1 left on base; Springfield 2 - Mobile 0
Tuesday, September 13th , 2022 - OOTP Baseball 23.7 Build 88